 Dungeon Sprint DCSS version 0.31-a0-8-gd14b0f4ee2 (webtiles) character file.

Game seed: 15001688584019935270

14428 rocky1 the Earth Mage (level 11, -1/61 HPs)
             Began as a Deep Elf Earth Elementalist on May 7, 2023.
             Was the Champion of Sif Muna.
             Slain by a lorocyproca (27 damage)
             ... in the Dungeon (Sprint VII: "The Pits").
             The game lasted 00:15:53 (3206 turns).

rocky1 the Earth Mage (Deep Elf Earth Elementalist) Turns: 3206, Time: 00:15:54

Health: -1/61      AC:  5    Str:  5    XL:     11   Next: 88%
Magic:  0/34       EV: 15    Int: 25    God:    Sif Muna [******]
Gold:   7          SH:  0    Dex: 15    Spells: 11/39 levels left

rFire   . . .        o - +2 scimitar (holy)
rCold   + . .        (no shield)
rNeg    . . .        a - +0 robe
rPois   .            (helmet restricted)
rElec   +            (no cloak)
rCorr   .            (no gloves)
SInv    .            (no boots)
Will    +....        (no amulet)
Stlth   +++          w - ring of protection from cold
HPRegen 0.30/turn    l - +3 ring of protection
MPRegen 0.24/turn

%: no teleportation, random rage (3%)
@: no status effects
A: horns 1, talons 1, berserk 1, high MP 1, electricity resistance
a: Renounce Religion, Channel Magic, Forget Spell, Divine Exegesis


You were in the Dungeon.
You worshipped Sif Muna.
Sif Muna was exalted by your worship.
You visited 1 branch You collected 7 gold pieces.

Inventory:

Hand Weapons
 k - a +0 long sword of flaming
 o - a +2 scimitar of holy wrath (weapon)
Armour
 a - a +0 robe (worn)
 x - a +0 pair of gloves
 y - the +3 Mad Mage's Maulers {Infuse+โˆž VampMP -Cast}
   (You found it in the Dungeon)

   Infuse+โˆž: It empowers its wearer's blows with all of their magic.
   VampMP:    Blows struck in melee replenish the wearer's magic.
   -Cast:     It prevents spellcasting.
Jewellery
 l - a +3 ring of protection (right hand)
 m - a +3 ring of dexterity
 v - a ring of positive energy
 w - a ring of protection from cold (left hand)
Wands
 A - a wand of mindburst (3)
Scrolls
 g - 4 scrolls of enchant weapon
 h - 2 scrolls of enchant armour
 i - 5 scrolls of amnesia
 j - a scroll of summoning
 p - 3 scrolls of identify
 q - 2 scrolls of fear
 s - a scroll of blinking
 t - 2 scrolls of fog
 u - a scroll of acquirement
 z - a scroll of immolation
Potions
 b - 4 potions of magic
 c - 8 potions of curing
 d - 9 potions of heal wounds
 e - 5 potions of haste
 f - 5 potions of berserk rage
 n - 2 potions of mutation
 r - a potion of might


   Skills:
 + Level 4.3 Fighting
 + Level 7.0 Dodging
 - Level 6.0 Stealth
 + Level 14.6 Spellcasting
 + Level 16.3 Conjurations
 - Level 5.9 Translocations
 - Level 11.6 Transmutations
 + Level 5.7 Fire Magic
 + Level 5.2 Air Magic
 * Level 17.1 Earth Magic
 + Level 10.0 Invocations


You had 11 spell levels left.
You knew the following spells:

 Your Spells              Type           Power      Damage    Failure   Level
a - Sandblast             Erth           100%       2d20      0%          1
b - Stone Arrow           Conj/Erth      100%       3d13      0%          3
c - Blink                 Tloc           96%        N/A       1%          2
d - Statue Form           Tmut/Erth      49%        N/A       1%          6
e - Lee's Rapid Deconstr  Erth           40%        3d20*     1%          5
f - Iron Shot             Conj/Erth      40%        9d8       1%          6
g - Borgnjor's Vile Clut  Necr/Erth      28%        N/A       2%          5

Your spell library contained the following spells:

 Spells                   Type           Power      Damage    Failure   Level
 Passwall                 Tmut/Erth      61%        N/A       0%          2
 Searing Ray              Conj           100%       2d8       0%          2
 Beastly Appendage        Tmut           100%       N/A       1%          1
 Foxfire                  Conj/Fire      100%       2x1d9     1%          1
 Shock                    Conj/Air       100%       1d9       1%          1
 Sting                    Tmut/Pois      100%       1d8       1%          1
 Momentum Strike          Conj/Tloc      100%       3d10      1%          2
 Dazzling Flash           Conj/Hex       100%       N/A       1%          3
 Gell's Gravitas          Tloc           48%        N/A       1%          3
 Hailstorm                Conj/Ice       56%        3d12      1%          3
 Mephitic Cloud           Conj/Pois/Air  53%        N/A       1%          3
 Spider Form              Tmut/Pois      47%        N/A       1%          3
 Volatile Blastmotes      Fire/Tloc      94%        2d17      1%          3
 Animate Armour           Summ/Erth      100%       N/A       1%          4
 Flame Wave               Conj/Fire      65%        2d15      1%          4
 Fulminant Prism          Conj/Hex       28%        3d13      1%          4
 Iskenderun's Mystic Bla  Conj/Tloc      65%        2d13      1%          4
 Leda's Liquefaction      Hex/Erth       28%        N/A       1%          4
 Petrify                  Tmut/Erth      74%        N/A       1%          4
 Arcjolt                  Conj/Air       32%        1d42      1%          5
 Irradiate                Conj/Tmut      36%        3d23      1%          5
 Iskenderun's Battlesphe  Conj           79%        2d13      1%          5
 Manifold Assault         Tloc           48%        N/A       2%          4
 Freeze                   Ice            72%        1d8       3%          1
 Necrotise                Necr           72%        1d7       3%          1
 Airstrike                Air            22%        2d(4-20)  3%          4
 Orb of Destruction       Conj           39%        9d11      3%          7
 Ensorcelled Hibernation  Hex/Ice        36%        N/A       4%          2
 Freezing Cloud           Conj/Ice/Air   26%        6-21      4%          5
 Starburst                Conj/Fire      32%        6d10      4%          6
 Conjure Ball Lightning   Conj/Air       32%        3x3d10    5%          6
 Alistair's Intoxication  Tmut/Pois      31%        N/A       8%          5
 Yara's Violent Unravell  Hex/Tmut       23%        3d10      8%          5
 Confusing Touch          Hex            18%        N/A       9%          3
 Summon Guardian Golem    Hex/Summ       18%        N/A       9%          3
 Summon Lightning Spire   Summ/Air       31%        N/A       11%         4
 Lehudib's Crystal Spear  Conj/Erth      40%        10d10     22%         8
 Silence                  Hex/Air        15%        N/A       28%         5
 Animate Dead             Necr           18%        N/A       30%         4
 Olgreb's Toxic Radiance  Pois           18%        N/A       30%         4
 Metabolic Englaciation   Hex/Ice        9%         N/A       63%         5
 Storm Form               Tmut/Air       28%        N/A       63%         7
 Shatter                  Erth           40%        3d32*     95%         9
 Haunt                    Necr/Summ      9%         N/A       100%        7
 Malign Gateway           Summ/Tloc      16%        N/A       100%        7
 Disjunction              Tloc           24%        N/A       100%        8
 Chain Lightning          Conj/Air       32%        3d42      100%        9


Dungeon Overview and Level Annotations

Branches:
Dungeon (1/1)

Altars:
Ashenzari
Cheibriados
Dithmenos
Elyvilon
Fedhas
Gozag
Hepliaklqana
Kikubaaqudgha
Makhleb
Nemelex Xobeh
Okawaru
Qazlal
Ru
Sif Muna
Trog
Uskayaw
Vehumet
Wu Jian
Xom
Yredelemnul
Zin
The Shining One
Jiyva
Lugonu


Innate Abilities, Weirdness & Mutations

You have a pair of small horns on your head.
You have sharp toenails.
You sometimes lose your temper in combat.
You have an increased reservoir of magic. (+10% MP)
You are resistant to electric shocks. (rElec)


Message History

Confirm with . or Enter, or press ? or * to list all spells.
Aiming: Lee's Rapid Deconstruction (safe; 1% risk of failure)
Press: ? - help, Dir - move target A metal wall.
The metal wall shatters!
The blast of metal fragments hits the quokka zombie!!!
You destroy the quokka zombie!
Sif Muna accepts your kill.
The blast of metal fragments hits the ice devil!
The ice devil is lightly wounded.
Casting: Lee's Rapid Deconstruction (safe; 1% risk of failure)
Confirm with . or Enter, or press ? or * to list all spells.
Aiming: Lee's Rapid Deconstruction (safe; 1% risk of failure)
Press: ? - help, Dir - move target A metal wall.
The metal wall shatters!
The blast of metal fragments hits the sixfirhy!!!
You kill the sixfirhy!
Sif Muna accepts your kill.
The blast of metal fragments hits something!!!
Your Dodging skill increases to level 7!
Your Invocations skill increases to level 10!
Casting: Lee's Rapid Deconstruction (safe; 1% risk of failure)
Confirm with . or Enter, or press ? or * to list all spells.
Aiming: Lee's Rapid Deconstruction (safe; 1% risk of failure)
Press: ? - help, Dir - move target, f - ice devil Fragment what (e.g. wall or brittle monster)?: an ice devil (lightly wounded)
An open door.
The stone door frame shatters!
The blast of rock fragments hits the ice devil!
The ice devil is heavily wounded.
The blast of rock fragments hits the large abomination.
The large abomination is lightly damaged.
Something hits you!!
Ouch! That really hurt!
* * * LOW HITPOINT WARNING * * *
You feel your power leaking away.
Deactivating autopickup; reactivate with Ctrl-A.
You feel much better. Something hits you!!
You die...

+..#....#..
+..........#
#..........#
#..#....#..#
+..........#
+..........#
#..#....#..#
#..@.......+
#..........+
###''####++#
###4'####++#########
#......##...........
#.#X##.##...........
#.#|: .##..#########
# ').# ##รท.# #:.+
#..#


You could see a large abomination and an ice devil.

Vanquished Creatures
  A sphinx (D)
  Nessos (D)
  A catoblepas (D)
  A boulder beetle (D)
  Erica (D)
  A shadow wraith (D)
  A sixfirhy (D)
  A deep troll (D)
  2 orc knights (D)
  An ugly thing (D)
  2 cyclopes (D)
  2 cane toads (D)
  A smoke demon (D)
  A kobold demonologist (D)
  Psyche (D)
  A hellwing (D)
  A flying skull (D)
  2 wraiths (D)
  2 wyverns (D)
  14 yaks (D)
  4 redbacks (D)
  2 wargs (D)
  An acid dragon (D)
  A floating eye (D)
  A large abomination (D)
  4 orc warriors (D)
  3 ice beasts (D)
  A sky beast (D)
  3 centaurs (D)
  A gnoll sergeant (D)
  12 killer bees (D)
  A crimson imp (D)
  A jelly (D)
  An orc priest (D)
  A gnoll bouda (D)
  An iron imp (D)
  An orc wizard (D)
  A hell rat (D)
  2 mummies (D)
  An adder (D)
  10 gnolls (D)
  A white imp (D)
  An ufetubus (D)
  2 worms (D)
  An adder simulacrum (D)
  5 orcs (D)
  A bat zombie (D)
  An endoplasm (D)
  A giant cockroach (D)
  A goblin (D)
  A hobgoblin (D)
  3 jackals (D)
  A kobold (D)
  A quokka (D)
  2 frilled lizards (D)
  A quokka zombie (D)
114 creatures vanquished.

Notes
Turn   | Place    | Note
-------+----------+-------------------------------------------
     0 | D        | rocky1 the Deep Elf Earth Elementalist began the quest for
                  | the Orb.
     0 | D        | Reached XP level 1. HP: 10/10 MP: 6/6
    13 | D        | Reached skill level 1 in Conjurations
    18 | D        | Found a bloodstained altar of Trog.
    18 | D        | Found a shimmering blue altar of Sif Muna.
    18 | D        | Found a viscous altar of Jiyva.
    18 | D        | Found a hazy altar of Hepliaklqana.
    18 | D        | Found an opulent altar of Gozag.
    19 | D        | Found a glowing golden altar of the Shining One.
    19 | D        | Found a glowing silver altar of Zin.
    19 | D        | Found a basalt altar of Yredelemnul.
    19 | D        | Found a shimmering altar of Xom.
    19 | D        | Found an ornate altar of the Wu Jian Council.
    19 | D        | Found a sacrificial altar of Ru.
    19 | D        | Found a stormy altar of Qazlal.
    19 | D        | Found an iron altar of Okawaru.
    19 | D        | Found a sparkling altar of Nemelex Xobeh.
    19 | D        | Found a burning altar of Makhleb.
    19 | D        | Found a blossoming altar of Fedhas.
    19 | D        | Found a white marble altar of Elyvilon.
    19 | D        | Found a shadowy altar of Dithmenos.
    19 | D        | Found a snail-covered altar of Cheibriados.
    21 | D        | Found a radiant altar of Vehumet.
    21 | D        | Found a corrupted altar of Lugonu.
    22 | D        | Found a hide-covered altar of Uskayaw.
    22 | D        | Found an ancient bone altar of Kikubaaqudgha.
    22 | D        | Found a broken altar of Ashenzari.
    24 | D        | Became a worshipper of Sif Muna the Loreminder
    54 | D        | Noticed a floating eye
    56 | D        | Killed a floating eye
    57 | D        | Reached skill level 7 in Earth Magic
    57 | D        | Reached XP level 2. HP: 15/15 MP: 4/11
    57 | D        | Reached XP level 3. HP: 19/19 MP: 4/12
    57 | D        | Reached XP level 4. HP: 24/24 MP: 4/14
   211 | D        | Reached * piety under Sif Muna
   228 | D        | Learned a level 3 spell: Stone Arrow
   239 | D        | Reached ** piety under Sif Muna
   242 | D        | Reached XP level 5. HP: 23/28 MP: 11/16
   243 | D        | Reached skill level 8 in Earth Magic
   245 | D        | Reached *** piety under Sif Muna
   317 | D        | Reached **** piety under Sif Muna
   321 | D        | Reached skill level 9 in Earth Magic
   322 | D        | Reached ***** piety under Sif Muna
   323 | D        | Reached XP level 6. HP: 32/32 MP: 8/18
   365 | D        | Noticed an ice beast
   371 | D        | Killed an ice beast
   371 | D        | Received a gift from Sif Muna
   372 | D        | Reached skill level 10 in Earth Magic
   372 | D        | Got Jynyo's Volume of the Spider and Orogeny {god gift}
   553 | D        | Noticed Psyche
   556 | D        | Killed Psyche
   557 | D        | Reached skill level 10 in Conjurations
   557 | D        | Reached skill level 11 in Earth Magic
   557 | D        | Reached XP level 7. HP: 32/36 MP: 10/21
   629 | D        | Reached skill level 5 in Transmutations
   734 | D        | Noticed a wyvern
   736 | D        | Killed a wyvern
   833 | D        | Gained mutation: Armour fits poorly on your strangely
                  | shaped body. [potion of mutation]
   833 | D        | Gained mutation: You occasionally lose the ability to read
                  | scrolls when taking damage. [potion of mutation]
   834 | D        | Lost mutation: Armour fits poorly on your strangely shaped
                  | body. [potion of mutation]
   834 | D        | Lost mutation: You occasionally lose the ability to read
                  | scrolls when taking damage. [potion of mutation]
   834 | D        | Gained mutation: You have an increased reservoir of magic.
                  | (+10% MP) [potion of mutation]
   834 | D        | Gained mutation: You sometimes lose your temper in combat.
                  | [potion of mutation]
   834 | D        | Gained mutation: You have a pair of small horns on your
                  | head. [potion of mutation]
   834 | D        | Gained mutation: You have hidden genetic potential. [potion
                  | of mutation]
   915 | D        | Noticed a yak
   915 | D        | Noticed a yak
   915 | D        | Noticed a yak
   915 | D        | Noticed a flying skull
   915 | D        | Noticed a yak
   928 | D        | Killed a flying skull
   928 | D        | Received a gift from Sif Muna
   929 | D        | Reached skill level 10 in Spellcasting
   929 | D        | Reached XP level 8. HP: 41/41 MP: 19/26
   936 | D        | Reached skill level 12 in Earth Magic
   941 | D        | Reached skill level 5 in Invocations
   946 | D        | Learned a level 2 spell: Blink
   953 | D        | Learned a level 6 spell: Statue Form
   959 | D        | Gained mutation: You are resistant to electric shocks.
                  | (rElec) [hidden potential]
  1034 | D        | Received a gift from Sif Muna
  1035 | D        | Got Herum's Book of Numb Dark Deeds {god gift}
  1041 | D        | Reached skill level 1 in Translocations
  1041 | D        | Reached XP level 9. HP: 31/45 MP: 12/28
  1070 | D        | Noticed a cyclops
  1070 | D        | Noticed an orc knight
  1134 | D        | Reached skill level 13 in Earth Magic
  1180 | D        | Killed a cyclops
  1274 | D        | Received a gift from Sif Muna
  1274 | D        | Noticed a cyclops
  1299 | D        | Gained mutation: You have sharp toenails. [hidden
                  | potential]
  1299 | D        | Lost mutation: You have hidden genetic potential. [hidden
                  | potential expressed]
  1305 | D        | Reached skill level 10 in Transmutations
  1305 | D        | Reached skill level 14 in Earth Magic
  1331 | D        | Reached XP level 10. HP: 45/50 MP: 19/30
  1335 | D        | Killed a cyclops
  1359 | D        | Got Sif Muna's Cyclopedia of the Fey Ground {god gift}
  1369 | D        | Learned a level 5 spell: Lee's Rapid Deconstruction
  1376 | D        | Learned a level 6 spell: Iron Shot
  1382 | D        | Learned a level 5 spell: Borgnjor's Vile Clutch
  1436 | D        | Noticed a smoke demon
  1437 | D        | Reached ****** piety under Sif Muna
  1438 | D        | Reached skill level 5 in Translocations
  1444 | D        | Received a gift from Sif Muna
  1446 | D        | Killed a smoke demon
  1450 | D        | Killed an orc knight
  1654 | D        | Noticed a cane toad
  1658 | D        | Killed a cane toad
  1659 | D        | Reached skill level 15 in Earth Magic
  1671 | D        | Received a gift from Sif Muna
  1673 | D        | Got Sif Muna's Tractate on Momentum {god gift}
  1691 | D        | Noticed Nessos
  1699 | D        | Killed Nessos
  1700 | D        | Reached skill level 1 in Fighting
  1700 | D        | Reached skill level 1 in Fire Magic
  1700 | D        | Reached skill level 1 in Air Magic
  1700 | D        | Received a gift from Sif Muna
  1701 | D        | Reached skill level 15 in Conjurations
  1701 | D        | Got Sif Muna's Spellbook of the Niveous Volley {god gift}
  2020 | D        | Noticed a deep troll
  2028 | D        | Killed a deep troll
  2029 | D        | Reached XP level 11. HP: 57/57 MP: 15/33
  2029 | D        | Received a gift from Sif Muna
  2030 | D        | Got Sif Muna's Teachings on the Zephyr and the Ground {god
                  | gift}
  2060 | D        | Killed a shadow wraith
  2060 | D        | Received a gift from Sif Muna
  2061 | D        | Reached skill level 5 in Stealth
  2061 | D        | Reached skill level 16 in Earth Magic
  2061 | D        | Got Sif Muna's Almanac of the Iron Brume {god gift}
  2108 | D        | Noticed an orc knight
  2109 | D        | Noticed Erica
  2116 | D        | Killed an orc knight
  2117 | D        | Reached skill level 5 in Dodging
  2117 | D        | Killed Erica
  2179 | D        | Received a gift from Sif Muna
  2184 | D        | Got Sif Muna's Directory of Percussion and Variation {god
                  | gift}
  2420 | D        | Found the +3 Mad Mage's Maulers {Infuse+โˆž VampMP -Cast}
  2421 | D        | Got the Almanac of Ozone and Beguiling
  2841 | D        | Noticed a boulder beetle
  2844 | D        | Noticed a purple ugly thing
  2847 | D        | Killed a boulder beetle
  2849 | D        | Killed a purple ugly thing
  2849 | D        | Received a gift from Sif Muna
  2850 | D        | Got Sif Muna's Excursus on Doom and Distance {god gift}
  3194 | D        | Noticed a sixfirhy
  3194 | D        | Noticed a catoblepas
  3194 | D        | Noticed a sphinx
  3200 | D        | Killed a sphinx
  3200 | D        | Killed a catoblepas
  3201 | D        | Reached skill level 5 in Fire Magic
  3201 | D        | Reached skill level 5 in Air Magic
  3201 | D        | Reached skill level 17 in Earth Magic
  3203 | D        | Killed a sixfirhy
  3204 | D        | Reached skill level 10 in Invocations
  3206 | D        | Slain by a lorocyproca

Illustrated notes

Levels and vault maps discovered:
D:        pitsprint [storerooms_1, entrance_room_1, metal_vault_7, armoury_1,
          mini_pit_1, grid_room_1, main_hall_1, silver_pit, the_coven_3,
          the_vestibule_1, steel_vault_3, golden_pit, hallway_of_sentries,
          crystal_vault_6, iron_vault_2, final_vault]

Skill      XL: |  1  2  3  4  5  6  7  8  9 10 11 |
---------------+----------------------------------+-----
Conjurations   | 6 7 8 10 11 12 13 15 16 | 16.3
Spellcasting   | 6 7 9 10 11 12 13 14 | 14.6
Earth Magic    | 7 9 11 12 14 15 17 | 17.1
Transmutations | 4 6 8 10 11 | 11.6
Invocations    | 2 4 5 7 8 10 | 10.0
Translocations | 1 4 5 |  5.9
Fighting       | 2 4 |  4.3
Dodging        | 4 7 |  7.0
Stealth        | 4 6 |  6.0
Fire Magic     | 2 5 |  5.7
Air Magic      | 2 5 |  5.2

Action                     |  1- 3 |  4- 6 |  7- 9 | 10-12 || total
---------------------------+-------+-------+-------+-------++-------
  Melee: Long sword        |       |       |     1 |       ||     1
   Cast: Sandblast         |     3 |    25 |     3 |       ||    31
         Stone Arrow       |       |     5 |    64 |    29 ||    98
         Lee's Rapid Decon |       |       |       |    37 ||    37
         Iron Shot         |       |       |       |    18 ||    18
 Invoke: Channel Magic     |       |       |     6 |     6 ||    12
    Use: Potion            |       |     1 |     7 |     5 ||    13
         Scroll            |       |       |     1 |       ||     1
 Armour: Robe              |       |     2 |     7 |     1 ||    10
  Dodge: Dodged            |       |     9 |    14 |    13 ||    36

Table legend: (Time is in decaauts)
 A = Elapsed time spent in this place.
 B = Non-inter-level travel time spent in this place.
 C = Inter-level travel time spent in this place.
 D = Time resting spent in this place.
 E = Time spent auto-exploring this place.
 F = Levels seen in this place.
 G = Mean time per level.
                   A        B        C        D        E       F      G
               +--------+--------+--------+--------+--------+-----+--------+
         Total |   3214 |   3150 |     64 |   2204 |      0 |   1 | 3214.0 |
       Dungeon |   3214 |   3150 |     64 |   2204 |      0 |   1 | 3214.0 |
               +--------+--------+--------+--------+--------+-----+--------+

Top non-repeatable levels by time:
       D: 3214 daAuts
